[Event "FIDE WYCC Girls U16 2023"]
[Site "Montesilvano"]
[Date "2023.11.18"]
[Round "6.2"]
[White "Szczotka, Klara"]
[Black "Shohradova, Leyla"]
[Result "0-1"]
[ECO "A58"]
[WhiteElo "2020"]
[BlackElo "1782"]
[Annotator "NA"]
[PlyCount "70"]
[EventDate "2023.11.13"]
[EventType "swiss"]
[EventCountry "ITA"]
[SourceTitle "playchess.com"]
[Source "ChessBase"]
[SourceQuality "1"]
[TimeControl "40/5400+30:1800+30"]

1. d4 Nf6 2. c4 c5 3. d5 b5 4. cxb5 a6 5. bxa6 d6 6. Nc3 g6 7. a7 Rxa7 8. e4 Bg7 9. Nf3 O-O 10. a4 Na6 11. Bb5 Nc7 12. Bc4 Ba6 13. Qd3 Bxc4 14. Qxc4 Nd7 15. O-O Qa8 16. Bg5 Nb6 17. Qd3 f6 18. Be3 Nxa4 19. Nxa4 Rxa4 20. Rxa4 Qxa4 21. Nd2 Rb8 22. b3 Qb5 23. Qxb5 Nxb5 24. f4 f5 25. e5 Nc3 26. exd6 exd6 27. Nc4 Nxd5 28. Bf2 Bf8 29. Rd1 Nc3 30. Rd3 Rxb3 31. Kf1 Rb1+ 32. Be1 Nb5 33. Ke2 Nd4+ 34. Kd2 d5 35. Ne3 Nb3+ 0-1

[Event "FIDE WYCC Girls U16 2023"]
[Site "Montesilvano"]
[Date "2023.11.18"]
[Round "6.3"]
[White "Sippola, Sara-Olivia"]
[Black "Trunz, Michelle"]
[Result "0-1"]
[ECO "D10"]
[WhiteElo "1907"]
[BlackElo "1997"]
[Annotator "NA"]
[PlyCount "58"]
[EventDate "2023.11.13"]
[EventType "swiss"]
[EventCountry "ITA"]
[SourceTitle "playchess.com"]
[Source "ChessBase"]
[SourceQuality "1"]
[TimeControl "40/5400+30:1800+30"]

1. d4 d5 2. c4 c6 3. cxd5 cxd5 4. Nf3 e6 5. Nc3 Bd6 6. e4 dxe4 7. Nxe4 Ne7 8. Bd3 Nbc6 9. Be3 Bb4+ 10. Ned2 Ng6 11. O-O O-O 12. Nc4 Bd7 13. a3 Be7 14. Nfe5 b5 15. Nxg6 hxg6 16. Ne5 Nxe5 17. dxe5 Bc6 18. Be2 Qb8 19. Rc1 Rd8 20. Qc2 Rc8 21. Bf3 Bxf3 22. Qxc8+ Qxc8 23. Rxc8+ Rxc8 24. gxf3 Rc2 25. a4 b4 26. Bxa7 Rxb2 27. Ra1 b3 28. a5 Rc2 29. Bd4 Bc5 0-1

[Event "FIDE WYCC Girls U16 2023"]
[Site "Montesilvano"]
[Date "2023.11.18"]
[Round "6.4"]
[White "Tejaswini G"]
[Black "Tokarz, Izabela"]
[Result "1/2-1/2"]
[ECO "D37"]
[WhiteElo "1956"]
[BlackElo "1931"]
[Annotator "NA"]
[PlyCount "84"]
[EventDate "2023.11.13"]
[EventType "swiss"]
[EventCountry "ITA"]
[SourceTitle "playchess.com"]
[Source "ChessBase"]
[SourceQuality "1"]
[TimeControl "40/5400+30:1800+30"]

1. d4 d5 2. c4 e6 3. Nc3 h6 4. Nf3 Nf6 5. Bf4 Bd6 6. Bg3 O-O 7. e3 Nc6 8. Bxd6 Qxd6 9. c5 Qe7 10. Bb5 Bd7 11. O-O a6 12. Bxc6 Bxc6 13. Ne5 Be8 14. b4 Nd7 15. Nxd7 Bxd7 16. a4 c6 17. f4 f6 18. e4 dxe4 19. Nxe4 Rad8 20. Qb3 Be8 21. Nd6 Bf7 22. Qc3 Rxd6 23. cxd6 Qxd6 24. Qc5 Rd8 25. Rad1 Bg6 26. Qxd6 Rxd6 27. Rf2 b6 28. Rdd2 Kf7 29. Kf1 Be4 30. Rfe2 Bd5 31. Re3 Bc4+ 32. Ke1 g5 33. fxg5 hxg5 34. Kd1 Rd8 35. Kc2 f5 36. Kc3 Bd5 37. Rf2 Kg6 38. Rfe2 Kf6 39. Rh3 Kg6 40. Rhe3 Kf6 41. Rh3 Kg6 42. Rhe3 Kf6 1/2-1/2

[Event "FIDE WYCC Girls U16 2023"]
[Site "Montesilvano"]
[Date "2023.11.18"]
[Round "6.5"]
[White "Schippke, Manon"]
[Black "Hubert, Charlotte"]
[Result "*"]
[ECO "B90"]
[WhiteElo "2110"]
[BlackElo "1881"]
[Annotator "NA"]
[PlyCount "67"]
[EventDate "2023.11.13"]
[EventType "swiss"]
[EventCountry "ITA"]
[SourceTitle "playchess.com"]
[Source "ChessBase"]
[SourceQuality "1"]
[TimeControl "40/5400+30:1800+30"]

1. e4 c5 2. Nf3 d6 3. d4 cxd4 4. Nxd4 Nf6 5. Nc3 a6 6. h3 e5 7. Nf3 Be7 8. g4 h6 9. Rg1 b5 10. g5 hxg5 11. Nxg5 Qc7 12. a4 b4 13. Nd5 Nxd5 14. Qxd5 Bxg5 15. Bxg5 Bb7 16. Qb3 Nc6 17. Be3 Rh7 18. O-O-O O-O-O 19. Kb1 g6 20. Rc1 Kb8 21. c3 Qa5 22. Bg2 Bc8 23. Rgd1 Be6 24. Rd5 Qc7 25. cxb4 Qb7 26. b5 Bxd5 27. exd5 Ne7 28. Rc6 Nc8 29. Rxa6 f5 30. a5 f4 31. Bb6 Rdd7 32. Be4 Rhg7 33. f3 Rde7 34. Bf2 *

[Event "FIDE WYCC Girls U16 2023"]
[Site "Montesilvano"]
[Date "2023.11.18"]
[Round "6.6"]
[White "Karimova, Guldona"]
[Black "Ter-Avetisjana, Agnesa Stepania"]
[Result "1/2-1/2"]
[ECO "B11"]
[WhiteElo "1835"]
[BlackElo "2105"]
[Annotator "NA"]
[PlyCount "98"]
[EventDate "2023.11.13"]
[EventType "swiss"]
[EventCountry "ITA"]
[SourceTitle "playchess.com"]
[Source "ChessBase"]
[SourceQuality "1"]
[TimeControl "40/5400+30:1800+30"]

1. e4 c6 2. Nf3 d5 3. Nc3 Bg4 4. h3 Bh5 5. Be2 e6 6. d4 Nf6 7. e5 Nfd7 8. O-O a6 9. Ng5 Bg6 10. Bh5 Be7 11. Qg4 Bxg5 12. Bxg5 Qb6 13. Bxg6 hxg6 14. Ne2 c5 15. c3 cxd4 16. cxd4 Nc6 17. Rfc1 O-O 18. h4 Rfc8 19. Rc3 Na5 20. Rh3 Qxb2 21. Rd1 Qc2 22. Rdd3 Rc4 23. f4 Nc6 24. h5 Ndxe5 25. fxe5 Nxe5 26. Qh4 Qxe2 27. hxg6 fxg6 28. Qh7+ Kf7 29. dxe5 Qe1+ 30. Kh2 Qxe5+ 31. Rhg3 Rb8 32. Rde3 Re4 33. Ref3+ Ke8 34. Qxg6+ Kd7 35. Qf7+ Kc6 36. Bf4 Rh8+ 37. Rh3 Rxh3+ 38. Kxh3 Qf5+ 39. Qxf5 exf5 40. g3 d4 41. Kh4 g6 42. Kg5 Re6 43. Rf1 Kd5 44. Rc1 b5 45. Rc7 b4 46. Ra7 Kc4 47. Rg7 a5 48. Rc7+ Kb5 49. Rd7 Kc4 1/2-1/2

[Event "FIDE WYCC Girls U16 2023"]
[Site "Montesilvano"]
[Date "2023.11.18"]
[Round "6.7"]
[White "Pragnya H G"]
[Black "Peglau, Charis"]
[Result "*"]
[ECO "C41"]
[WhiteElo "1679"]
[BlackElo "2045"]
[Annotator "NA"]
[PlyCount "58"]
[EventDate "2023.11.13"]
[EventType "swiss"]
[EventCountry "ITA"]
[SourceTitle "playchess.com"]
[Source "ChessBase"]
[SourceQuality "1"]
[TimeControl "40/5400+30:1800+30"]

1. e4 e5 2. Nf3 d6 3. d4 exd4 4. Nxd4 Nf6 5. Nc3 Be7 6. g3 Nc6 7. Bg2 Nxd4 8. Qxd4 Be6 9. Nd5 Bxd5 10. exd5 O-O 11. O-O Nd7 12. c3 Bf6 13. Qd1 Re8 14. Be3 Ne5 15. Qb3 b6 16. Bd4 Ng6 17. Rfe1 Bxd4 18. cxd4 Qd7 19. Qc3 a5 20. Rac1 Rxe1+ 21. Rxe1 Kf8 22. Rc1 Rc8 23. Qc6 Qxc6 24. Rxc6 Ne7 25. Rc3 f5 26. Rf3 g6 27. g4 Kf7 28. gxf5 Nxf5 29. Bh3 Kf6 *

[Event "FIDE WYCC Girls U16 2023"]
[Site "Montesilvano"]
[Date "2023.11.18"]
[Round "6.8"]
[White "Kaldarova, Ayaulym"]
[Black "Vlasova, Olesia"]
[Result "*"]
[ECO "A11"]
[WhiteElo "2005"]
[BlackElo "1850"]
[Annotator "NA"]
[PlyCount "63"]
[EventDate "2023.11.13"]
[EventType "swiss"]
[EventCountry "ITA"]
[SourceTitle "playchess.com"]
[Source "ChessBase"]
[SourceQuality "1"]
[TimeControl "40/5400+30:1800+30"]

1. Nf3 d5 2. g3 c6 3. c4 Bg4 4. Bg2 e6 5. O-O Nd7 6. cxd5 exd5 7. h3 Bh5 8. d3 Bd6 9. e4 Ne7 10. Nc3 O-O 11. g4 Bg6 12. Nh4 dxe4 13. dxe4 Bc5 14. Na4 Bb6 15. Nxb6 Nxb6 16. Qe2 f6 17. Be3 Bf7 18. b3 Qc7 19. f4 Rfe8 20. Rae1 a5 21. Rc1 Nd7 22. Kh1 a4 23. b4 b5 24. Qf2 Rab8 25. Bd4 Bc4 26. Rg1 c5 27. bxc5 Nc6 28. Nf5 Nb4 29. Rc3 Nd3 30. Qe3 N3xc5 31. g5 Ne6 32. gxf6 *

[Event "FIDE WYCC Girls U16 2023"]
[Site "Montesilvano"]
[Date "2023.11.18"]
[Round "6.9"]
[White "Peglau, Dora"]
[Black "Gvatua, Mariam"]
[Result "0-1"]
[ECO "B30"]
[WhiteElo "1937"]
[BlackElo "1701"]
[Annotator "NA"]
[PlyCount "74"]
[EventDate "2023.11.13"]
[EventType "swiss"]
[EventCountry "ITA"]
[SourceTitle "playchess.com"]
[Source "ChessBase"]
[SourceQuality "1"]
[TimeControl "40/5400+30:1800+30"]

1. e4 c5 2. Nf3 Nc6 3. Bb5 e6 4. O-O Nge7 5. Re1 a6 6. Bf1 d5 7. exd5 Nxd5 8. d4 Be7 9. dxc5 O-O 10. c4 Nf6 11. Nc3 Bxc5 12. Bf4 Qb6 13. Bg3 Rd8 14. Qc2 Nd4 15. Nxd4 Bxd4 16. Rad1 Bd7 17. b4 Bc6 18. a3 Bxc3 19. Qxc3 Ne4 20. Qe5 Nxg3 21. c5 Qa7 22. hxg3 Rd5 23. Rxd5 Bxd5 24. Rd1 a5 25. Be2 axb4 26. axb4 Qa4 27. Qd4 h6 28. Qf4 Qc2 29. Qd2 Qb3 30. b5 Ra2 31. Qd3 Qc2 32. Kf1 Qxc5 33. g4 Rxe2 34. Qxe2 Bc4 35. Rd8+ Kh7 36. Rd3 Qxb5 37. Qe4+ f5 0-1

[Event "FIDE WYCC Girls U16 2023"]
[Site "Montesilvano"]
[Date "2023.11.18"]
[Round "6.10"]
[White "Putar, Lara"]
[Black "Begic, Klara"]
[Result "*"]
[ECO "D30"]
[WhiteElo "1892"]
[BlackElo "1877"]
[Annotator "NA"]
[PlyCount "52"]
[EventDate "2023.11.13"]
[EventType "swiss"]
[EventCountry "ITA"]
[SourceTitle "playchess.com"]
[Source "ChessBase"]
[SourceQuality "1"]
[TimeControl "40/5400+30:1800+30"]

1. d4 d5 2. c4 c6 3. Nf3 Nf6 4. e3 e6 5. b3 Nbd7 6. Bb2 b6 7. Bd3 Be7 8. O-O Bb7 9. Nc3 O-O 10. e4 dxe4 11. Nxe4 Nxe4 12. Bxe4 Nf6 13. Bc2 Qc7 14. Qd3 g6 15. Ne5 Rad8 16. Qg3 Nh5 17. Qe3 c5 18. Ng4 Qf4 19. Qxf4 Nxf4 20. d5 f6 21. Rfe1 h5 22. Ne3 exd5 23. Nxd5 Bxd5 24. cxd5 Kf7 25. Rad1 Rxd5 26. g3 Rxd1 *

[Event "FIDE WYCC Girls U16 2023"]
[Site "Montesilvano"]
[Date "2023.11.18"]
[Round "6.11"]
[White "Zelbova, Lada"]
[Black "Tomcaniova, Lucia"]
[Result "*"]
[ECO "C63"]
[WhiteElo "2057"]
[BlackElo "1715"]
[Annotator "NA"]
[PlyCount "54"]
[EventDate "2023.11.13"]
[EventType "swiss"]
[EventCountry "ITA"]
[SourceTitle "playchess.com"]
[Source "ChessBase"]
[SourceQuality "1"]
[TimeControl "40/5400+30:1800+30"]

1. e4 e5 2. Nf3 Nc6 3. Bb5 f5 4. d3 fxe4 5. dxe4 Nf6 6. O-O Bc5 7. Bg5 d6 8. h3 O-O 9. Nc3 Qe8 10. Bxf6 gxf6 11. Nh4 Kh8 12. Nd5 Qf7 13. c3 Be6 14. Nf5 Bxf5 15. exf5 Rg8 16. Ne3 Qg7 17. Qd2 Qg5 18. Bc4 d5 19. Bxd5 Rad8 20. h4 Qg7 21. c4 Ne7 22. Qe2 Nxd5 23. cxd5 Rxd5 24. g3 Rd4 25. Kh2 Rgd8 26. Rfd1 Qh6 27. Ng4 Qg7 *

[Event "FIDE WYCC Girls U16 2023"]
[Site "Montesilvano"]
[Date "2023.11.18"]
[Round "6.12"]
[White "Kiraly, Lilla Virag"]
[Black "Kheerthi Ganta"]
[Result "*"]
[ECO "B13"]
[WhiteElo "1765"]
[BlackElo "2030"]
[Annotator "NA"]
[PlyCount "99"]
[EventDate "2023.11.13"]
[EventType "swiss"]
[EventCountry "ITA"]
[SourceTitle "playchess.com"]
[Source "ChessBase"]
[SourceQuality "1"]
[TimeControl "40/5400+30:1800+30"]

1. d4 d5 2. Bf4 c5 3. e3 cxd4 4. exd4 Nc6 5. c3 Nf6 6. Nd2 Bf5 7. Ngf3 e6 8. Bb5 Bd6 9. Bxd6 Qxd6 10. Ne5 O-O 11. Bxc6 bxc6 12. Qa4 Rfc8 13. Nb3 c5 14. Qa3 Ne4 15. g4 Bg6 16. f3 c4 17. Qxd6 Nxd6 18. Nc5 f6 19. Nxg6 hxg6 20. O-O-O Kf7 21. Rhe1 Re8 22. Rd2 Re7 23. Rde2 Rae8 24. b3 cxb3 25. axb3 Nb5 26. Kc2 e5 27. Kd3 Rc7 28. Na4 Rec8 29. dxe5 Nxc3 30. Rc2 Nxa4 31. Rxc7+ Rxc7 32. bxa4 Rc4 33. exf6 gxf6 34. Ra1 a5 35. h4 f5 36. gxf5 gxf5 37. h5 Kg7 38. Rb1 Rxa4 39. Rb5 Ra3+ 40. Ke2 a4 41. Rxd5 Kf6 42. h6 Ra2+ 43. Ke3 a3 44. h7 Rh2 45. Ra5 Rxh7 46. Rxa3 Rb7 47. Kf4 Rb4+ 48. Kg3 Kg5 49. Ra5 Rb3 50. Rc5 *

[Event "FIDE WYCC Girls U16 2023"]
[Site "Montesilvano"]
[Date "2023.11.18"]
[Round "6.13"]
[White "Yu, Yuexi"]
[Black "Khuslen, Erdenebayar"]
[Result "0-1"]
[ECO "A30"]
[WhiteElo "1734"]
[BlackElo "1906"]
[Annotator "NA"]
[PlyCount "124"]
[EventDate "2023.11.13"]
[EventType "swiss"]
[EventCountry "ITA"]
[SourceTitle "playchess.com"]
[Source "ChessBase"]
[SourceQuality "1"]
[TimeControl "40/5400+30:1800+30"]

1. c4 Nf6 2. Nc3 c5 3. Nf3 e6 4. g3 b6 5. Bg2 Bb7 6. O-O a6 7. d4 cxd4 8. Nxd4 Qc8 9. Qd3 d6 10. e4 Nbd7 11. b3 Be7 12. Bb2 O-O 13. Rfd1 Qc7 14. Rac1 Rac8 15. Qe2 Rfe8 16. Re1 Bf8 17. Qd2 Qb8 18. Rcd1 Nc5 19. Nc2 Ba8 20. Nd4 h6 21. Ba1 Red8 22. Qb2 e5 23. Nc2 b5 24. cxb5 axb5 25. Nb4 Ne6 26. Qd2 Qb6 27. Ncd5 Nxd5 28. exd5 Nc5 29. Kh1 Na6 30. Nc6 Bxc6 31. dxc6 Nb8 32. c7 Qxc7 33. Qe2 Qb6 34. Bd5 Na6 35. a3 Rc7 36. f4 Re7 37. Qh5 Nc7 38. Be4 g6 39. Bxg6 fxg6 40. Qxg6+ Rg7 41. Qh5 Qc6+ 42. Kg1 Qc5+ 43. Kh1 Qxa3 44. fxe5 Qa8+ 45. Kg1 Rg5 46. Qh3 dxe5 47. Rc1 Qa7+ 48. Kh1 Qb7+ 49. Kg1 Rd2 50. Bxe5 Nd5 51. Rc8 Qa7+ 52. Kh1 Qf7 53. Rf1 Rf2 54. Rxf2 Qxf2 55. Bd6 Qe1+ 56. Kg2 Ne3+ 57. Kf3 Qd1+ 58. Kxe3 Qxd6 59. Re8 Qc5+ 60. Ke2 Qc2+ 61. Ke1 Qg6 62. Qc8 Qf7 0-1

[Event "FIDE WYCC Girls U16 2023"]
[Site "Montesilvano"]
[Date "2023.11.18"]
[Round "6.14"]
[White "Mickunaite, Agne"]
[Black "Braeutigam, Katerina"]
[Result "0-1"]
[ECO "A27"]
[WhiteElo "1673"]
[BlackElo "1904"]
[Annotator "NA"]
[PlyCount "58"]
[EventDate "2023.11.13"]
[EventType "swiss"]
[EventCountry "ITA"]
[SourceTitle "playchess.com"]
[Source "ChessBase"]
[SourceQuality "1"]
[TimeControl "40/5400+30:1800+30"]

1. c4 e5 2. Nc3 Nc6 3. Nf3 f5 4. d4 e4 5. Ne5 Nf6 6. Nxc6 dxc6 7. Bf4 Be6 8. e3 Be7 9. Be2 Qd7 10. a3 Bd6 11. Bxd6 Qxd6 12. Qc2 O-O-O 13. O-O-O g5 14. Qa4 a6 15. b4 f4 16. Rd2 Rhe8 17. Qa5 h6 18. Rc2 Kd7 19. c5 Qf8 20. b5 axb5 21. Nxb5 Nd5 22. Na7 Ra8 23. Rb2 Reb8 24. Kd2 fxe3+ 25. Kc2 exf2 26. Qa4 f1=Q 27. Bxf1 Qf2+ 28. Kc1 Qe1+ 29. Kc2 Ne3# 0-1

[Event "FIDE WYCC Girls U16 2023"]
[Site "Montesilvano"]
[Date "2023.11.18"]
[Round "6.15"]
[White "Karaivanova, Petya"]
[Black "Kanishka S"]
[Result "1-0"]
[ECO "B92"]
[WhiteElo "1883"]
[BlackElo "1656"]
[Annotator "NA"]
[PlyCount "63"]
[EventDate "2023.11.13"]
[EventType "swiss"]
[EventCountry "ITA"]
[SourceTitle "playchess.com"]
[Source "ChessBase"]
[SourceQuality "1"]
[TimeControl "40/5400+30:1800+30"]

1. e4 c5 2. Nf3 d6 3. d4 cxd4 4. Nxd4 Nf6 5. Nc3 a6 6. Be3 e5 7. Nb3 Be7 8. Be2 Be6 9. Nd5 Nxd5 10. exd5 Bf5 11. Qd2 Nd7 12. O-O Bg6 13. f4 exf4 14. Bxf4 O-O 15. c4 Rc8 16. Rac1 Nf6 17. Bf3 Re8 18. Rfe1 Bh5 19. Qd3 Bxf3 20. Qxf3 Qb6+ 21. Be3 Qb4 22. Bd2 Qa4 23. Nd4 Qxa2 24. Nf5 Bf8 25. Bc3 Rxe1+ 26. Rxe1 Qxc4 27. Nh6+ Kh8 28. Bxf6 gxf6 29. Qxf6+ Bg7 30. Nxf7+ Kg8 31. Qe6 Qc5+ 32. Kh1 1-0

[Event "FIDE WYCC Girls U16 2023"]
[Site "Montesilvano"]
[Date "2023.11.18"]
[Round "6.16"]
[White "Regidor, Kaye Lalaine"]
[Black "Maria, Lia-Alexandra"]
[Result "1-0"]
[ECO "B22"]
[WhiteElo "1598"]
[BlackElo "1877"]
[Annotator "NA"]
[PlyCount "129"]
[EventDate "2023.11.13"]
[EventType "swiss"]
[EventCountry "ITA"]
[SourceTitle "playchess.com"]
[Source "ChessBase"]
[SourceQuality "1"]
[TimeControl "40/5400+30:1800+30"]

1. e4 c5 2. Nf3 e6 3. c3 Nf6 4. e5 Nd5 5. g3 d6 6. exd6 Qxd6 7. Bg2 Nc6 8. O-O Be7 9. d4 cxd4 10. Nxd4 Nxd4 11. Qxd4 O-O 12. Na3 Rd8 13. c4 Bf6 14. Qd2 Nc7 15. Qxd6 Rxd6 16. Bf4 e5 17. Be3 Bg4 18. c5 Rd5 19. Nb5 Rd7 20. Nd6 b6 21. Bxa8 Nxa8 22. f3 Bh3 23. Rfd1 Be6 24. c6 Rc7 25. Ne8 Rc8 26. Nxf6+ gxf6 27. Bh6 Nc7 28. Rd2 Bd5 29. Rad1 Rd8 30. g4 Rd6 31. Be3 Kf8 32. a4 Ke8 33. a5 bxa5 34. Bxa7 Rxc6 35. Rxd5 Nxd5 36. Rxd5 Rc1+ 37. Kg2 Rc2+ 38. Bf2 Rxb2 39. Rxa5 Kf8 40. h4 Kg7 41. h5 Rc2 42. Ra8 Rc6 43. Kg3 h6 44. Be1 Rb6 45. Rc8 Ra6 46. Bb4 Rb6 47. Bf8+ Kh7 48. Rc7 Ra6 49. Rd7 Rc6 50. Rd6 Rxd6 51. Bxd6 Kg8 52. Be7 Kg7 53. Bd8 f5 54. gxf5 f6 55. f4 exf4+ 56. Kxf4 Kf7 57. Ke4 Kg7 58. Kd5 Kf7 59. Kd6 Kg7 60. Ke7 Kh8 61. Kxf6 Kh7 62. Kf7 Kh8 63. Kg6 Kg8 64. Be7 Kh8 65. f6 1-0

[Event "FIDE WYCC Girls U16 2023"]
[Site "Montesilvano"]
[Date "2023.11.18"]
[Round "6.17"]
[White "Bruessow, Nina"]
[Black "Djukic, Katarina"]
[Result "0-1"]
[ECO "B76"]
[WhiteElo "1863"]
[BlackElo "1536"]
[Annotator "NA"]
[PlyCount "60"]
[EventDate "2023.11.13"]
[EventType "swiss"]
[EventCountry "ITA"]
[SourceTitle "playchess.com"]
[Source "ChessBase"]
[SourceQuality "1"]
[TimeControl "40/5400+30:1800+30"]

1. e4 c5 2. Nf3 d6 3. d4 cxd4 4. Nxd4 Nf6 5. Nc3 g6 6. Be3 Bg7 7. f3 O-O 8. Qd2 Nc6 9. g4 Be6 10. Nxe6 fxe6 11. O-O-O Ne5 12. Be2 Qc8 13. h4 Nfd7 14. f4 Nc4 15. Bxc4 Qxc4 16. e5 Rad8 17. exd6 Nf6 18. Qg2 exd6 19. h5 b5 20. hxg6 hxg6 21. Rd4 Qc5 22. Qh3 e5 23. fxe5 Qxe5 24. g5 Nh5 25. Rd5 Qe7 26. Nxb5 Rb8 27. Nd4 Rxb2 28. Qe6+ Qxe6 29. Nxe6 Rfb8 30. Rhd1 Bc3 0-1

[Event "FIDE WYCC Girls U16 2023"]
[Site "Montesilvano"]
[Date "2023.11.18"]
[Round "6.18"]
[White "Sana Omprakash Kayyar"]
[Black "Kayis, Gulcan Sena"]
[Result "0-1"]
[ECO "D45"]
[WhiteElo "1562"]
[BlackElo "1859"]
[Annotator "NA"]
[PlyCount "38"]
[EventDate "2023.11.13"]
[EventType "swiss"]
[EventCountry "ITA"]
[SourceTitle "playchess.com"]
[Source "ChessBase"]
[SourceQuality "1"]
[TimeControl "40/5400+30:1800+30"]

1. d4 d5 2. Nf3 Nf6 3. c4 c6 4. Nc3 e6 5. e3 Nbd7 6. Qc2 Bd6 7. g4 Bb4 8. Bd2 Bxc3 9. Bxc3 Ne4 10. Bd3 Nxc3 11. Qxc3 dxc4 12. Bxc4 b5 13. Be2 Bb7 14. O-O-O Qe7 15. Rhg1 b4 16. Qc2 O-O-O 17. Qa4 Kb8 18. Kb1 Nb6 19. Qa5 Rd5 0-1

[Event "FIDE WYCC Girls U16 2023"]
[Site "Montesilvano"]
[Date "2023.11.18"]
[Round "6.19"]
[White "Kovacs, Reka"]
[Black "Zhou, Shumeng"]
[Result "*"]
[ECO "B17"]
[WhiteElo "1840"]
[BlackElo "1559"]
[Annotator "NA"]
[PlyCount "53"]
[EventDate "2023.11.13"]
[EventType "swiss"]
[EventCountry "ITA"]
[SourceTitle "playchess.com"]
[Source "ChessBase"]
[SourceQuality "1"]
[TimeControl "40/5400+30:1800+30"]

1. e4 c6 2. d4 d5 3. Nc3 dxe4 4. Nxe4 Nd7 5. Ng5 Ngf6 6. Bd3 e6 7. N1f3 Bd6 8. Qe2 h6 9. Ne4 Nxe4 10. Qxe4 Nf6 11. Qe2 a6 12. Ne5 c5 13. dxc5 Qa5+ 14. c3 Qxc5 15. Nc4 Bc7 16. Be3 Qc6 17. Bd4 Rb8 18. Bxf6 gxf6 19. Be4 Qc5 20. b4 Qe7 21. Rd1 f5 22. Bf3 Bd7 23. Qd2 Ba4 24. Rb1 Rd8 25. Qe3 Bb5 26. Nb2 f4 27. Qe4 *

[Event "FIDE WYCC Girls U16 2023"]
[Site "Montesilvano"]
[Date "2023.11.18"]
[Round "6.20"]
[White "Hayrapetyan, Nvard"]
[Black "Tadic, Ana"]
[Result "*"]
[ECO "C65"]
[WhiteElo "1462"]
[BlackElo "1791"]
[Annotator "NA"]
[PlyCount "44"]
[EventDate "2023.11.13"]
[EventType "swiss"]
[EventCountry "ITA"]
[SourceTitle "playchess.com"]
[Source "ChessBase"]
[SourceQuality "1"]
[TimeControl "40/5400+30:1800+30"]

1. e4 e5 2. Nf3 Nc6 3. Bb5 Nf6 4. d3 Ne7 5. O-O Ng6 6. d4 c6 7. dxe5 Ng4 8. Bc4 N4xe5 9. Nxe5 Nxe5 10. Bb3 d6 11. h3 Be7 12. f4 Ng6 13. Be3 Bd7 14. Nd2 Qc7 15. a4 c5 16. Nc4 Bc6 17. Qd3 O-O 18. Bd2 Bf6 19. c3 Rad8 20. Ne3 Qb6 21. Bc4 Rde8 22. a5 Qd8 *

[Event "FIDE WYCC Girls U16 2023"]
[Site "Montesilvano"]
[Date "2023.11.18"]
[Round "6.21"]
[White "Bochnickova, Simona"]
[Black "Di Fabio, Sara"]
[Result "1-0"]
[ECO "B12"]
[WhiteElo "2043"]
[BlackElo "1517"]
[Annotator "NA"]
[PlyCount "63"]
[EventDate "2023.11.13"]
[EventType "swiss"]
[EventCountry "ITA"]
[SourceTitle "playchess.com"]
[Source "ChessBase"]
[SourceQuality "1"]
[TimeControl "40/5400+30:1800+30"]

1. e4 c6 2. d4 d5 3. e5 Bf5 4. h4 h5 5. Bd3 Bxd3 6. Qxd3 Qa5+ 7. Nd2 Qa6 8. c4 e6 9. Ngf3 c5 10. O-O Nc6 11. b3 cxd4 12. Nxd4 Nh6 13. Bb2 Nxd4 14. Qxd4 Nf5 15. Qf4 Rd8 16. Rac1 Qxa2 17. cxd5 b5 18. Rc2 Rxd5 19. Ra1 Qxa1+ 20. Bxa1 Be7 21. Ne4 Rd1+ 22. Kh2 O-O 23. Bb2 Rfd8 24. Rd2 R1xd2 25. Nxd2 Nxh4 26. Nf3 Ng6 27. Qe4 Bc5 28. Bd4 Bxd4 29. Nxd4 Rd5 30. Nxe6 Rxe5 31. Qa8+ Kh7 32. Nf8+ 1-0

[Event "FIDE WYCC Girls U16 2023"]
[Site "Montesilvano"]
[Date "2023.11.18"]
[Round "6.22"]
[White "Lobo Pereira, Arami"]
[Black "Zhanybekova, Begimay"]
[Result "*"]
[ECO "B38"]
[WhiteElo "2013"]
[BlackElo "1664"]
[Annotator "NA"]
[PlyCount "65"]
[EventDate "2023.11.13"]
[EventType "swiss"]
[EventCountry "ITA"]
[SourceTitle "playchess.com"]
[Source "ChessBase"]
[SourceQuality "1"]
[TimeControl "40/5400+30:1800+30"]

1. d4 Nf6 2. c4 g6 3. Nc3 Bg7 4. e4 d6 5. h3 O-O 6. Be3 c5 7. Nf3 cxd4 8. Nxd4 Nc6 9. Be2 Bd7 10. O-O Rc8 11. Rc1 Nxd4 12. Bxd4 Bc6 13. Qd3 b6 14. b4 Bb7 15. Rfd1 Bh6 16. Rc2 Nd7 17. Qg3 Bg7 18. Bxg7 Kxg7 19. f4 b5 20. Nxb5 Bxe4 21. Rc3 a6 22. Nd4 Nf6 23. Qe3 Qc7 24. a3 Qb7 25. Bf3 Rc7 26. Re1 Bxf3 27. Nxf3 Rfc8 28. Qd4 Qa7 29. Qxa7 Rxa7 30. g3 Rac7 31. Nd2 Nd5 32. Rc2 f5 33. Kf2 *

[Event "FIDE WYCC Girls U16 2023"]
[Site "Montesilvano"]
[Date "2023.11.18"]
[Round "6.23"]
[White "Levchenko, Marina"]
[Black "Schebacher, Solene"]
[Result "0-1"]
[ECO "E45"]
[WhiteElo "1700"]
[BlackElo "1859"]
[Annotator "NA"]
[PlyCount "97"]
[EventDate "2023.11.13"]
[EventType "swiss"]
[EventCountry "ITA"]
[SourceTitle "playchess.com"]
[Source "ChessBase"]
[SourceQuality "1"]
[TimeControl "40/5400+30:1800+30"]

1. d4 Nf6 2. c4 e6 3. Nc3 Bb4 4. e3 b6 5. Nge2 Ba6 6. a3 Be7 7. Nf4 d5 8. cxd5 Bxf1 9. Kxf1 exd5 10. f3 O-O 11. Kf2 Qd7 12. Qd3 a5 13. b3 c6 14. g4 Bd6 15. Nce2 Na6 16. g5 Ne8 17. h4 Nac7 18. Bb2 Rd8 19. Rag1 Ne6 20. Nh5 Qe7 21. a4 f5 22. f4 Bc7 23. Rc1 c5 24. Nhg3 Nd6 25. Ba3 Ne4+ 26. Nxe4 dxe4 27. Qc4 Bd6 28. d5 Nc7 29. Nc3 Qf7 30. Rcd1 Rd7 31. Rd2 Rfd8 32. Kg3 Qh5 33. Qe2 Qxe2 34. Rxe2 Be7 35. Rd1 Nxd5 36. Nxd5 Rxd5 37. Rxd5 Rxd5 38. Bc1 Rd3 39. Rb2 Bf8 40. h5 Kf7 41. Bd2 Be7 42. Kf2 Ke6 43. Ke2 Kd5 44. Rb1 Bd8 45. Be1 c4 46. bxc4+ Kxc4 47. Rb5 Rd5 48. Rb1 g6 49. hxg6 0-1

[Event "FIDE WYCC Girls U16 2023"]
[Site "Montesilvano"]
[Date "2023.11.18"]
[Round "6.24"]
[White "Sawan, Eman"]
[Black "Maton, Emily"]
[Result "1/2-1/2"]
[ECO "C07"]
[WhiteElo "1662"]
[BlackElo "1837"]
[Annotator "NA"]
[PlyCount "101"]
[EventDate "2023.11.13"]
[EventType "swiss"]
[EventCountry "ITA"]
[SourceTitle "playchess.com"]
[Source "ChessBase"]
[SourceQuality "1"]
[TimeControl "40/5400+30:1800+30"]

1. e4 e6 2. d4 d5 3. Nd2 c5 4. exd5 Qxd5 5. Ngf3 cxd4 6. Bc4 Qd6 7. O-O Nf6 8. Nb3 Nc6 9. Re1 Be7 10. Nbxd4 Nxd4 11. Nxd4 O-O 12. c3 Qc7 13. Bb3 a5 14. Qf3 a4 15. Bc2 Ra5 16. Bf4 Bd6 17. Bxd6 Qxd6 18. Rad1 Qc7 19. b4 axb3 20. axb3 b6 21. c4 Bb7 22. Qg3 Qxg3 23. hxg3 g6 24. b4 Raa8 25. Nb5 Ra2 26. Bb1 Rb2 27. Nd6 Ba8 28. b5 Rd8 29. Ne4 Rxd1 30. Nxf6+ Kg7 31. Nh5+ gxh5 32. Rxd1 e5 33. Bf5 Rb4 34. Ra1 Kf6 35. Bxh7 Bb7 36. Ra7 Bc8 37. Rc7 Be6 38. Bd3 e4 39. Be2 Rb1+ 40. Kh2 Rb2 41. Bxh5 Rxf2 42. c5 bxc5 43. Rxc5 Rb2 44. g4 e3 45. g5+ Ke7 46. Re5 Kd6 47. Rxe3 Rxb5 48. Rg3 f6 49. Rd3+ Kc7 50. Rc3+ Kd6 51. Rd3+ 1/2-1/2